AoeStats
← lbaquino21

Migration

510190628Analyzed
1v1 RM · 1d ago on Sep 29, 2026· 87m 37s· 2 players
Game mode
Random Map
Map size
132×132
Population
200
Speed
Normal
Resources
Standard
Victory
Conquest
Starting age
Dark Age
Ending age
Imperial Age
RankedLock teamsTeams togetherTeam positionsShared explorationLock speedFull tech treeHidden civsTurbo modeCheats
Victory
Defeat
🇲🇽 Malay · Mexico
364
+18
🇧🇷 Teutons · Brazil
404
-18
Tlacaelel
2:20 Loom
15:40 Feudal Age
16:33 Arson
18:04 Wheelbarrow
23:56 Castle Age
21:52 Fishing Lines
22:56 Fletching
23:44 Gillnets
23:18 Demolition Ship
24:09 Medium Warships
25:31 Hand Cart
25:08 Double-Bit Axe
25:10 Horse Collar
25:48 Stone Mining
26:35 Husbandry
26:39 Squires
28:18 Gillnets
28:34 Crossbowman
28:40 Pikeman
29:32 Scale Barding Armor
29:38 Forging
29:24 Bodkin Arrow
30:13 Bow Saw
30:43 Stone Shaft Mining
30:01 Gold Mining
30:15 Heavy Plow
33:11 Ballistics
32:47 Murder Holes
32:43 Heated Shot
33:05 Masonry
32:47 Guard Tower
33:04 Siphons
33:16 Careening
33:19 Clinker Construction
36:10 Man-at-Arms
47:36 Imperial Age
47:38 Guilds
54:27 Chemistry
55:33 Bombard Tower
55:44 Dry Dock
55:52 Dry Dock
56:08 Carvel Hull
60:13 Arbalester
61:01 Thumb Ring
60:18 Elite Skirmisher
60:22 Halberdier
60:26 Long Swordsman
64:33 Two-Handed Swordsman
73:25 Heavy Warships
72:21 Elite Cannon Galleon
81:45 Conscription
81:35 Forced Levy
85:01 Iron Casting
84:29 Padded Archer Armor
84:49 Bracer
lbaquino21
6:32 Loom
11:53 Feudal Age
12:38 Horse Collar
12:59 Double-Bit Axe
14:00 Wheelbarrow
13:20 Fishing Lines
21:40 Castle Age
21:52 Castle Age
24:38 Hand Cart
24:31 Gillnets
24:08 Demolition Ship
25:00 Medium Warships
39:59 Ironclad
44:13 Imperial Age
44:16 Heavy Demolition Ship
45:26 Heavy Warships
44:30 Heavy Demolition Ship
46:19 Conscription
46:21 Crenellations
45:22 Elite Teutonic Knight
46:38 Hoardings
56:04 Sappers
59:30 Onager
61:53 Masonry
62:45 Chemistry
62:07 Ballistics
61:58 Fortified Wall
61:58 Clinker Construction
61:59 Careening
66:10 Guard Tower
66:41 Bombard Tower
66:28 Siege Engineers
66:34 Clinker Construction
72:15 Cavalier
73:56 Capped Ram
78:55 Heavy Warships
81:40 Heated Shot
81:59 Siphons
84:48 Siege Onager
Connection lost

Rejoining the realm…

Still unreachable

The connection could not be restored.

Session expired

The server has moved on; the page needs a fresh start.